 Dungeon Crawl Stone Soup version 0.31-a0-175-g9f7f995f2b (webtiles) character file.

Game seed: 14518185700718021497

31898 qw the Cleaver (level 13, 0/85 HPs)
             Began as a Gargoyle Fighter on June 16, 2023.
             Was a High Priest of Okawaru.
             Slain by a blink frog (4 damage)
             ... on level 5 of the Lair of Beasts.
             The game lasted 00:05:49 (10903 turns).

qw the Cleaver (Gargoyle Fighter)                  Turns: 10903, Time: 00:05:50

Health: 0/85       AC: 31    Str: 31    XL:     13   Next: 61%
Magic:  15/20      EV: 11    Int:  9    God:    Okawaru [*****.]
Gold:   545        SH:  6    Dex:  9    Spells: 12/12 levels left

rFire   + . .        u - -1 demon whip (venom)
rCold   + . .        c - +0 buckler
rNeg    + . .        v - +3 chain mail {rC+}
rPois   inf          (no helmet)
rElec   +            (no cloak)
rCorr   .            g - +2 pair of gloves
SInv    .            i - +1 pair of boots
Will    .....        (no amulet) Stlth
                     n - +6 ring of strength
HPRegen 0.34/turn    h - ring of protection from fire
MPRegen 0.17/turn

%: no passive effects
@: heroic, finesse-ful
A: sickness immunity, AC +9, negative energy resistance 1, electricity
resistance, torment resistance 1, petrification resistance
a: Renounce Religion, Heroism, Finesse, Duel


You were on level 5 of the Lair of Beasts.
You worshipped Okawaru.
Okawaru was extremely pleased with you.
You visited 3 branches of the dungeon, and saw 13 of its levels.
You also visited: Ossuary.

You collected 545 gold pieces.


Innate Abilities, Weirdness & Mutations

You are immune to sickness and miasma.
Your stone body is resilient. (AC +9)
You are immune to poison.
You resist negative energy. (rN+)
You are resistant to electric shocks. (rElec)
You are resistant to unholy torment.
You are immune to petrification.


   Skills:
 + Level 11.9(16.9) Fighting
 - Level 14.0(19.0) Axes
 - Level 1.4(6.4) Throwing
 - Level 9.0(14.0) Armour
 - Level 3.0(8.0) Dodging
 - Level 7.2(12.2) Shields
 - Level 10.0 Invocations


You had 12 spell levels left.
You didn't know any spells.
Your spell library was empty.

Inventory:

Hand Weapons
 s - a +0 morningstar
 u - a -1 demon whip of venom (weapon)
 Y - a +2 heavy war axe
Armour
 c - a +0 buckler (worn)
 g - a +2 pair of gloves (worn)
 i - a +1 pair of boots (worn)
 q - a +0 plate armour
 v - a +3 chain mail of cold resistance (worn)
Jewellery
 h - a ring of protection from fire (right hand)
 j - a ring of ice
 n - a +6 ring of strength (left hand)
 r - a ring of protection from cold
Wands
 b - a wand of digging (8)
Scrolls
 a - 8 scrolls of identify
Potions
 d - 7 potions of might
 e - 6 potions of curing
 f - a potion of mutation
 k - 2 potions of attraction
 o - a potion of magic
 p - 2 potions of haste
 t - a potion of resistance
 w - a potion of lignification

Dungeon Overview and Level Annotations

Branches:
Dungeon (8/15)             Temple (1/1) D:4            Lair (5/5) D:8
  Swamp (0/4) Lair:2        Snake (0/4) Lair:2      Ossuary (visited)
  Slime: Lair:4-5

Altars:
Ashenzari
Cheibriados
Dithmenos
Elyvilon
Fedhas
Gozag
Hepliaklqana
Kikubaaqudgha
Nemelex Xobeh
Okawaru
Qazlal
Ru
Trog
Uskayaw
Vehumet
Wu Jian
Xom
Zin
The Shining One

Annotations:
D:5 3 runed translucent doors, qw's ghost, amateur GrHu; qw's ghost, amateur MiHu


Message History

You thrash the manticore!!
The manticore is severely wounded.
The manticore bites you! The manticore barely misses you.
The manticore claws you but does no damage.
The death yak gores you but does no damage. x3
You hit the manticore.
The manticore looks as sick as possible!
The manticore is severely wounded.
You hit the manticore.
The manticore looks as sick as possible!
The manticore is severely wounded.
You hit the manticore but do no damage.
The manticore looks as sick as possible!
The manticore is severely wounded.
You thrash the manticore!!
You kill the manticore!
Okawaru accepts your kill. The death yak gores you!
The death yak barely misses you. You block the death yak's attack.
The death yak closely misses you.
You hit the death yak but do no damage.
The death yak is poisoned.
You thrash the blink frog!!
The blink frog looks as sick as possible!
The blink frog is severely wounded.
You whack the blink frog!
The blink frog looks as sick as possible!
The blink frog is almost dead.
You closely miss the blink frog.
The blink frog is almost dead.
You kill the blink frog!
Okawaru accepts your kill. You block the death yak's attack.
The death yak gores you but does no damage.
The death yak closely misses you. The death yak gores you.
10902 ||| DRINKING potion of heal wounds.
You feel much better.
The death yak gores you but does no damage. x2
The death yak gores you! x2; The blink frog hits you.
You barely miss the death yak. The blink frog hits you.
You die...

##...#. #...+Y
#..<.. #....## .
.# #...#F# #.#
#... #.....##....
#....#.%FY.......
.........@Y......
........FYY......
.................
.................
..<..............
.$..........[....
.................
..........8......
...............


You could see 4 death yaks and 3 blink frogs.

Vanquished Creatures
  Harold (Lair:2)
  A centaur warrior (D:8)
  A catoblepas (Lair:5)
  2 hydras
  11 death yaks
  Sonja (Lair:2)
  Amaemon (Lair:2)
  A skyshark (Lair:3)
  Nergalle (Lair:2)
  A manticore (Lair:5)
  13 elephants
  A black mamba (Lair:2)
  5 cane toads
  An orange demon (Lair:2)
  4 komodo dragons
  A polar bear (Lair:3)
  Grinder (D:4)
  A hornet (D:7)
  30 blink frogs
  Prince Ribbit (Lair:3)
  Sigmund (D:3)
  A wraith (Ossuary)
  A spriggan (Lair:2)
  A wyvern (Lair:5)
  3 yaks (Lair:3)
  A basilisk (Lair:1)
  2 steam dragons
  3 vampire mosquitoes (Lair:2)
  4 water moccasins
  4 orc warriors
  Pargi (D:4)
  4 black bears
  4 wolves
  An ice beast (D:7)
  A phantom (D:5)
  3 centaurs
  A kobold brigand (D:7)
  10 bullfrogs
  A water moccasin zombie (Ossuary)
  4 scorpions
  7 wights (D:8)
  An electric eel (Lair:2)
  4 centaur zombies (Ossuary)
  A bullfrog zombie (Ossuary)
  A human zombie (Ossuary)
  2 jellies
  3 hounds
  6 iguanas
  3 orc priests
  2 gnoll boudas (D:6)
  A sleepcap (D:5)
  An orc wizard (D:8)
  3 ogre zombies (Ossuary)
  11 gnolls
  9 adders
  A shadow imp (D:5)
  A white imp (D:6)
  An ufetubus (D:6)
  3 adder zombies (Ossuary)
  2 worms
  28 orcs
  6 ball pythons
  11 endoplasms
  3 giant cockroaches
  2 gnoll zombies (Ossuary)
  7 goblins
  2 hobgoblins
  11 jackals
  7 kobolds
  6 quokkas
  9 bats
  2 frilled lizards
  3 goblin zombies (Ossuary)
  2 hobgoblin zombies (Ossuary)
  3 orc zombies (Ossuary)
  5 rats
300 creatures vanquished.

Vanquished Creatures (others)
  A human (D:4)
  An orc (D:7)
2 creatures vanquished.

Grand Total: 302 creatures vanquished

Notes
Turn   | Place    | Note
-------+----------+-------------------------------------------
     0 | D:1      | qw the Gargoyle Fighter began the quest for the Orb.
     0 | D:1      | Reached XP level 1. HP: 14/14 MP: 1/1
     0 | D:1      | 0 ||| qw: Version: 0.2-a-29-g511e9b1
     0 | D:1      | 0 ||| qw: Game counter: 5857
     0 | D:1      | 0 ||| qw: Always use a shield: true
     0 | D:1      | 0 ||| qw: God list: Okawaru
     0 | D:1      | 0 ||| qw: Allow faded altars: false
     0 | D:1      | 0 ||| qw: Do Orc after D:15 true
     0 | D:1      | 0 ||| qw: Do second Lair branch before Depths: true
     0 | D:1      | 0 ||| qw: Lair rune preference: random
     0 | D:1      | 0 ||| qw: Plans: Normal, Zot:1-4, Slime:5, God:TSO, Crypt,
                  | Tomb, Abyss, Pan, Hells, Win
     0 | D:1      | 0 ||| PLANNING D:1-11
    61 | D:1      | Reached skill level 2 in Axes
   246 | D:1      | Reached XP level 2. HP: 15/19 MP: 2/2
   508 | D:1      | Reached skill level 3 in Axes
   556 | D:1      | 556 ||| READING scroll labelled BYODO JIKHLUEKAGAB.
   557 | D:1      | 557 ||| READING scroll labelled AFUEXE REGO.
   558 | D:1      | 558 ||| DRINKING 3 dark potions.
   559 | D:1      | 559 ||| DROPPING 2 potions of enlightenment.
   592 | D:2      | Reached XP level 3. HP: 21/23 MP: 3/3
   597 | D:2      | 597 ||| Stepping ~*~*~tactically~*~*~ (stealth).
   655 | D:2      | Found an ornate altar of the Wu Jian Council.
   656 | D:2      | 656 ||| Stepping ~*~*~tactically~*~*~ (stealth).
   818 | D:2      | 818 ||| Stepping ~*~*~tactically~*~*~ (stealth).
   819 | D:2      | 819 ||| Stepping ~*~*~tactically~*~*~ (stealth).
   820 | D:2      | 820 ||| Stepping ~*~*~tactically~*~*~ (stealth).
   856 | D:2      | 856 ||| Stepping ~*~*~tactically~*~*~ (hiding).
   967 | D:2      | Identified the +1 dagger "Sufef" {antimagic, Will+}
   991 | D:2      | You fall into a shaft and drop 2 floors!
   994 | D:4      | Found an ancient bone altar of Kikubaaqudgha.
   995 | D:4      | 995 ||| PLANNING OSSUARY
   996 | D:4      | Noticed a human
   998 | D:4      | Noticed Grinder
   998 | D:4      | Killed a human
  1000 | D:4      | 1000 ||| Stepping ~*~*~tactically~*~*~ (hiding).
  1013 | D:4      | 1013 ||| Stepping ~*~*~tactically~*~*~ (hiding).
  1014 | D:4      | 1014 ||| Stepping ~*~*~tactically~*~*~ (hiding).
  1037 | D:4      | Killed Grinder
  1038 | D:4      | Reached skill level 5 in Axes
  1038 | D:4      | Reached XP level 4. HP: 14/28 MP: 4/4
  1038 | D:4      | Reached XP level 5. HP: 16/32 MP: 5/5
  1038 | D:4      | Reached XP level 6. HP: 19/37 MP: 6/6
  1126 | D:4      | 1126 ||| Stepping ~*~*~tactically~*~*~ (stealth).
  1213 | D:4      | 1213 ||| DROPPING +0 club.
  1221 | D:4      | Noticed a +0 hand axe
  1221 | D:4      | Noticed a +0 dagger
  1231 | D:4      | Found a hide-covered altar of Uskayaw.
  1260 | D:4      | Found a sand-covered staircase.
  1261 | D:4      | 1261 ||| UPGRADING to +2 pair of gloves.
  1266 | D:4      | 1266 ||| UPGRADING to +0 chain mail.
  1276 | D:4      | 1276 ||| DROPPING +0 scale mail.
  1277 | D:4      | 1277 ||| READING scroll labelled FOIGEBL MUFU.
  1278 | D:4      | 1278 ||| READING 2 scrolls of identify.
  1278 | D:4      | 1278 ||| IDENTIFYING fuming brown potion
  1283 | Ossuary  | Entered an ossuary
  1473 | Ossuary  | Reached skill level 6 in Axes
  1523 | Ossuary  | Reached skill level 1 in Dodging
  1533 | Ossuary  | Reached XP level 7. HP: 40/43 MP: 7/7
  1588 | Ossuary  | Noticed a wraith
  1610 | Ossuary  | Killed a wraith
  1611 | Ossuary  | Reached skill level 7 in Axes
  1675 | Ossuary  | Noticed a silent spectre
  1714 | D:4      | 1714 ||| PLANNING D:1-11
  1770 | D:4      | Found a staircase to the Ecumenical Temple.
  1771 | D:4      | 1771 ||| PLANNING TEMPLE
  1771 | D:4      | 1771 ||| READING scroll labelled HUFOUD DIBOG.
  1772 | D:4      | 1772 ||| READING scroll labelled TIFAKUV RIED.
  1773 | D:4      | 1773 ||| READING scroll labelled DESKAR UCANU.
  1774 | D:4      | 1774 ||| READING 7 scrolls of identify.
  1774 | D:4      | 1774 ||| IDENTIFYING metallic black potion
  1775 | D:4      | 1775 ||| READING 6 scrolls of identify.
  1775 | D:4      | 1775 ||| IDENTIFYING fuming silvery potion
  1776 | D:4      | 1776 ||| READING 5 scrolls of identify.
  1776 | D:4      | 1776 ||| IDENTIFYING blue potion
  1777 | D:4      | 1777 ||| READING 4 scrolls of identify.
  1777 | D:4      | 1777 ||| IDENTIFYING glowing silvery potion
  1778 | D:4      | 1778 ||| READING 3 scrolls of identify.
  1778 | D:4      | 1778 ||| IDENTIFYING emerald potion
  1779 | D:4      | 1779 ||| DROPPING potion of invisibility.
  1780 | D:4      | 1780 ||| DROPPING potion of ambrosia.
  1781 | D:4      | 1781 ||| DROPPING potion of berserk rage.
  1790 | Temple   | Entered the Ecumenical Temple
  1823 | Temple   | 1823 ||| PLANNING OKAWARU WORSHIP
  2015 | Temple   | Became a worshipper of Warmaster Okawaru
  2016 | Temple   | 2016 ||| PLANNING D:1-11
  2103 | D:3      | 2103 ||| STAIRDANCE
  2204 | D:2      | 2204 ||| Stepping ~*~*~tactically~*~*~ (stealth).
  2620 | D:2      | 2620 ||| Stepping ~*~*~tactically~*~*~ (hiding).
  2864 | D:2      | 2864 ||| READING 2 scrolls labelled VOAGEM KURHASH.
  2865 | D:2      | 2865 ||| DROPPING scroll of amnesia.
  3117 | D:3      | Reached XP level 8. HP: 39/49 MP: 8/8
  3270 | D:3      | Noticed Sigmund
  3281 | D:3      | Killed Sigmund
  3282 | D:3      | Reached skill level 8 in Axes
  3455 | D:3      | Found a faded altar of an unknown god.
  3613 | D:3      | 3613 ||| UPGRADING to +0 pair of boots.
  3618 | D:3      | 3618 ||| READING scroll labelled TEUNKE ZECAJE.
  3619 | D:3      | 3619 ||| READING 4 scrolls of identify.
  3619 | D:3      | 3619 ||| IDENTIFYING inky potion
  3620 | D:3      | 3620 ||| READING 3 scrolls of identify.
  3620 | D:3      | 3620 ||| IDENTIFYING bubbling orange potion
  3695 | D:4      | Noticed Pargi
  3713 | D:4      | Killed Pargi
  4079 | D:4      | 4079 ||| Stepping ~*~*~tactically~*~*~ (hiding).
  4080 | D:4      | 4080 ||| Stepping ~*~*~tactically~*~*~ (hiding).
  4175 | D:4      | 4175 ||| UPGRADING to +6 ring of strength.
  4189 | D:5      | Entered Level 5 of the Dungeon
  4269 | D:5      | Reached skill level 1 in Throwing
  4271 | D:5      | 4271 ||| Stepping ~*~*~tactically~*~*~ (stealth).
  4312 | D:5      | Reached * piety under Okawaru
  4763 | D:5      | Reached skill level 1 in Invocations
  4772 | D:5      | Found a runed translucent gate.
  4772 | D:5      | Found a runed translucent gate.
  4773 | D:5      | Found a runed translucent gate.
  4774 | D:5      | Noticed qw's ghost (amateur MiHu)
  4774 | D:5      | Noticed qw's ghost (amateur GrHu)
  4850 | D:5      | 4850 ||| UPGRADING to +0 plate armour.
  4860 | D:5      | 4860 ||| DROPPING +0 chain mail.
  4861 | D:5      | 4861 ||| READING scroll labelled LIAPNA ROIZYRPH.
  4886 | D:6      | 4886 ||| INVOKING Heroism.
  5042 | D:6      | 5042 ||| INVOKING Heroism.
  5047 | D:6      | Reached skill level 6 in Fighting
  5082 | D:6      | 5082 ||| FLEEEEING.
  5083 | D:6      | 5083 ||| FLEEEEING.
  5084 | D:6      | 5084 ||| FLEEEEING.
  5085 | D:6      | 5085 ||| FLEEEEING.
  5086 | D:6      | 5086 ||| FLEEEEING.
  5087 | D:6      | 5087 ||| FLEEEEING.
  5088 | D:6      | 5088 ||| FLEEEEING.
  5089 | D:6      | 5089 ||| FLEEEEING.
  5090 | D:6      | 5090 ||| FLEEEEING.
  5091 | D:6      | 5091 ||| FLEEEEING.
  5092 | D:6      | 5092 ||| FLEEEEING.
  5093 | D:6      | 5093 ||| FLEEEEING.
  5095 | D:6      | 5095 ||| FLEEEEING.
  5096 | D:6      | 5096 ||| FLEEEEING.
  5097 | D:6      | 5097 ||| FLEEEEING.
  5098 | D:6      | 5098 ||| FLEEEEING.
  5099 | D:6      | 5099 ||| FLEEEEING.
  5100 | D:6      | 5100 ||| FLEEEEING.
  5101 | D:6      | 5101 ||| FLEEEEING.
  5103 | D:6      | 5103 ||| FLEEEEING.
  5104 | D:6      | 5104 ||| FLEEEEING.
  5105 | D:6      | 5105 ||| FLEEEEING.
  5106 | D:6      | 5106 ||| FLEEEEING.
  5108 | D:6      | 5108 ||| FLEEEEING.
  5109 | D:6      | 5109 ||| FLEEEEING.
  5110 | D:6      | 5110 ||| FLEEEEING.
  5111 | D:6      | 5111 ||| FLEEEEING.
  5112 | D:6      | 5112 ||| FLEEEEING.
  5113 | D:6      | 5113 ||| FLEEEEING.
  5114 | D:6      | 5114 ||| FLEEEEING.
  5115 | D:6      | 5115 ||| FLEEEEING.
  5116 | D:6      | 5116 ||| FLEEEEING.
  5117 | D:6      | 5117 ||| FLEEEEING.
  5118 | D:6      | 5118 ||| FLEEEEING.
  5119 | D:6      | 5119 ||| FLEEEEING.
  5120 | D:6      | 5120 ||| FLEEEEING.
  5121 | D:6      | 5121 ||| FLEEEEING.
  5122 | D:6      | 5122 ||| FLEEEEING.
  5123 | D:6      | 5123 ||| FLEEEEING.
  5124 | D:6      | 5124 ||| FLEEEEING.
  5125 | D:6      | 5125 ||| FLEEEEING.
  5126 | D:6      | 5126 ||| FLEEEEING.
  5127 | D:6      | 5127 ||| FLEEEEING.
  5133 | D:6      | 5133 ||| STAIRDANCE
  5187 | D:5      | 5187 ||| DROPPING ring of magical power.
  5250 | D:6      | Reached XP level 9. HP: 54/56 MP: 9/9
  5305 | D:6      | Found a hazy altar of Hepliaklqana.
  5306 | D:6      | Found a shimmering altar of Xom.
  5307 | D:6      | Noticed a spectral ugly thing
  5531 | D:6      | Found a stormy altar of Qazlal.
  5550 | D:6      | Found a bloodstained altar of Trog.
  5602 | D:6      | 5602 ||| FLEEEEING.
  5603 | D:6      | 5603 ||| FLEEEEING.
  5604 | D:6      | 5604 ||| FLEEEEING.
  5605 | D:6      | 5605 ||| FLEEEEING.
  5606 | D:6      | 5606 ||| FLEEEEING.
  5607 | D:6      | 5607 ||| FLEEEEING.
  5608 | D:6      | 5608 ||| FLEEEEING.
  5609 | D:6      | 5609 ||| FLEEEEING.
  5610 | D:6      | 5610 ||| FLEEEEING.
  5611 | D:6      | 5611 ||| FLEEEEING.
  5612 | D:6      | 5612 ||| FLEEEEING.
  5613 | D:6      | 5613 ||| FLEEEEING.
  5614 | D:6      | 5614 ||| FLEEEEING.
  5615 | D:6      | 5615 ||| FLEEEEING.
  5616 | D:6      | 5616 ||| FLEEEEING.
  5617 | D:6      | 5617 ||| FLEEEEING.
  5618 | D:6      | 5618 ||| FLEEEEING.
  5619 | D:6      | 5619 ||| FLEEEEING.
  5620 | D:6      | 5620 ||| FLEEEEING.
  5621 | D:6      | 5621 ||| FLEEEEING.
  5622 | D:6      | 5622 ||| FLEEEEING.
  5623 | D:6      | 5623 ||| FLEEEEING.
  5624 | D:6      | 5624 ||| FLEEEEING.
  5625 | D:6      | 5625 ||| FLEEEEING.
  5626 | D:6      | 5626 ||| FLEEEEING.
  5753 | D:6      | 5753 ||| INVOKING Heroism.
  5816 | D:6      | Found a shadowy altar of Dithmenos.
  5816 | D:6      | Found a sacrificial altar of Ru.
  5817 | D:6      | 5817 ||| INVOKING Heroism.
  5843 | D:6      | 5843 ||| UPGRADING to ring of protection from fire.
  5844 | D:6      | 5844 ||| READING 6 scrolls of identify.
  5844 | D:6      | 5844 ||| IDENTIFYING smoky blue potion
  5845 | D:6      | 5845 ||| DROPPING potion of degeneration.
  5899 | D:7      | 5899 ||| INVOKING Heroism.
  5901 | D:7      | Reached skill level 9 in Axes
  5908 | D:7      | 5908 ||| INVOKING Heroism.
  6068 | D:7      | 6068 ||| Stepping ~*~*~tactically~*~*~ (hiding).
  6223 | D:7      | Reached skill level 3 in Invocations
  6303 | D:7      | 6303 ||| Stepping ~*~*~tactically~*~*~ (hiding).
  6426 | D:7      | 6426 ||| Stepping ~*~*~tactically~*~*~ (hiding).
  6516 | D:7      | Found a blossoming altar of Fedhas.
  6587 | D:7      | Noticed a hornet
  6592 | D:7      | 6592 ||| INVOKING Heroism.
  6593 | D:7      | Killed a hornet
  6697 | D:7      | 6697 ||| READING scroll labelled LEGYUF YQAYLU.
  6727 | D:8      | 6727 ||| INVOKING Heroism.
  6728 | D:8      | 6728 ||| Stepping ~*~*~tactically~*~*~ (stealth).
  6739 | D:8      | Reached skill level 6 in Armour
  6858 | D:8      | Reached XP level 10. HP: 63/63 MP: 13/13
  6893 | D:8      | 6893 ||| DROPPING +0 flail.
  6911 | D:8      | 6911 ||| Stepping ~*~*~tactically~*~*~ (hiding).
  6912 | D:8      | 6912 ||| INVOKING Heroism.
  6922 | D:8      | Reached skill level 10 in Axes
  6922 | D:8      | Reached ** piety under Okawaru
  6933 | D:8      | 6933 ||| INVOKING Heroism.
  7140 | D:8      | 7140 ||| READING scroll of enchant armour.
  7140 | D:8      | 7140 ||| ENCHANTING +0 pair of boots.
  7149 | D:8      | 7149 ||| Stepping ~*~*~tactically~*~*~ (stealth).
  7210 | D:8      | 7210 ||| Stepping ~*~*~tactically~*~*~ (stealth).
  7211 | D:8      | 7211 ||| Stepping ~*~*~tactically~*~*~ (stealth).
  7212 | D:8      | 7212 ||| Stepping ~*~*~tactically~*~*~ (stealth).
  7238 | D:8      | Noticed a centaur warrior
  7240 | D:8      | 7240 ||| Stepping ~*~*~tactically~*~*~ (hiding).
  7241 | D:8      | 7241 ||| Stepping ~*~*~tactically~*~*~ (hiding).
  7247 | D:8      | 7247 ||| INVOKING Heroism.
  7250 | D:8      | Killed a centaur warrior
  7548 | D:8      | Found a staircase to the Lair.
  7549 | D:8      | 7549 ||| INVOKING Heroism.
  7580 | D:8      | 7580 ||| PLANNING LAIR
  7580 | D:8      | 7580 ||| READING 2 scrolls labelled EHATOA DILECEH.
  7583 | D:8      | 7583 ||| READING 10 scrolls of identify.
  7583 | D:8      | 7583 ||| IDENTIFYING fizzy blue potion
  7584 | D:8      | 7584 ||| DROPPING potion of brilliance.
  7609 | Lair:1   | Entered Level 1 of the Lair of Beasts
  7609 | Lair:1   | Noticed a cane toad
  7610 | Lair:1   | 7610 ||| INVOKING Heroism.
  7618 | Lair:1   | Killed a cane toad
  7689 | Lair:1   | 7689 ||| INVOKING Heroism.
  7750 | Lair:1   | Noticed a cane toad
  7751 | Lair:1   | 7751 ||| INVOKING Heroism.
  7756 | Lair:1   | Killed a cane toad
  7804 | Lair:1   | Noticed an elephant
  7804 | Lair:1   | Noticed an elephant
  7805 | Lair:1   | 7805 ||| Stepping ~*~*~tactically~*~*~ (stealth).
  7806 | Lair:1   | Noticed an elephant
  7807 | Lair:1   | 7807 ||| Stepping ~*~*~tactically~*~*~ (stealth).
  7818 | Lair:1   | 7818 ||| INVOKING Heroism.
  7819 | Lair:1   | Killed an elephant
  7820 | Lair:1   | Killed an elephant
  7824 | Lair:1   | Killed an elephant
  7825 | Lair:1   | Reached skill level 11 in Axes
  7825 | Lair:1   | Reached XP level 11. HP: 49/69 MP: 12/14
  7906 | Lair:1   | 7906 ||| READING scroll of enchant weapon.
  7906 | Lair:1   | 7906 ||| ENCHANTING +1 heavy war axe.
  7917 | Lair:1   | 7917 ||| INVOKING Heroism.
  8100 | Lair:1   | Reached skill level 9 in Fighting
  8126 | Lair:1   | 8126 ||| Stepping ~*~*~tactically~*~*~ (stealth).
  8128 | Lair:1   | 8128 ||| INVOKING Heroism.
  8139 | Lair:1   | Reached *** piety under Okawaru
  8152 | Lair:1   | 8152 ||| INVOKING Heroism.
  8182 | Lair:1   | 8182 ||| Stepping ~*~*~tactically~*~*~ (stealth).
  8183 | Lair:1   | 8183 ||| INVOKING Heroism.
  8184 | Lair:1   | 8184 ||| Stepping ~*~*~tactically~*~*~ (stealth).
  8186 | Lair:1   | 8186 ||| Stepping ~*~*~tactically~*~*~ (stealth).
  8201 | Lair:1   | 8201 ||| INVOKING Heroism.
  8339 | Lair:1   | 8339 ||| INVOKING Heroism.
  8345 | Lair:1   | Reached skill level 12 in Axes
  8589 | Lair:1   | 8589 ||| READING 2 scrolls labelled UNULLE EMIHE.
  8590 | Lair:1   | 8590 ||| READING 9 scrolls of identify.
  8590 | Lair:1   | 8590 ||| IDENTIFYING coppery potion
  8591 | Lair:1   | 8591 ||| DROPPING scroll of vulnerability.
  8671 | Lair:2   | 8671 ||| INVOKING Heroism.
  8679 | Lair:2   | Reached skill level 6 in Shields
  8704 | Lair:2   | Reached **** piety under Okawaru
  8707 | Lair:2   | 8707 ||| INVOKING Heroism.
  8711 | Lair:2   | HP: 15/72 [elephant (6)]
  8711 | Lair:2   | HP: 4/72 [elephant (11)]
  8712 | Lair:2   | 8712 ||| READING 3 scrolls of teleportation.
  8713 | Lair:2   | 8713 ||| DRINKING 6 potions of heal wounds.
  8856 | Lair:2   | 8856 ||| INVOKING Heroism.
  8864 | Lair:2   | Reached XP level 12. HP: 75/77 MP: 13/16
  8879 | Lair:2   | Noticed Nergalle
  8882 | Lair:2   | 8882 ||| INVOKING Heroism.
  8886 | Lair:2   | 8886 ||| Stepping ~*~*~tactically~*~*~ (water).
  8887 | Lair:2   | Killed Nergalle
  8888 | Lair:2   | Reached skill level 6 in Invocations
  8974 | Lair:2   | Found a staircase to the Snake Pit.
  8976 | Lair:2   | Noticed a four-headed hydra
  8982 | Lair:2   | 8982 ||| INVOKING Heroism.
  8986 | Lair:2   | 8986 ||| SWAPPING to +0 morningstar.
  8992 | Lair:2   | Killed a four-headed hydra
  9146 | Lair:2   | 9146 ||| UPGRADING to +2 heavy war axe.
  9197 | Lair:2   | Noticed a death yak
  9198 | Lair:2   | 9198 ||| FLEEEEING.
  9199 | Lair:2   | 9199 ||| FLEEEEING.
  9200 | Lair:2   | 9200 ||| FLEEEEING.
  9201 | Lair:2   | 9201 ||| FLEEEEING.
  9202 | Lair:2   | 9202 ||| STAIRDANCE
  9234 | Lair:1   | 9234 ||| READING 8 scrolls of identify.
  9234 | Lair:1   | 9234 ||| IDENTIFYING glowing golden potion
  9236 | Lair:2   | Noticed a death yak
  9237 | Lair:2   | 9237 ||| STAIRDANCE
  9239 | Lair:1   | 9239 ||| INVOKING Heroism.
  9242 | Lair:1   | Killed a death yak
  9297 | Lair:2   | Noticed a death yak
  9298 | Lair:2   | 9298 ||| INVOKING Heroism.
  9299 | Lair:2   | Noticed a death yak
  9299 | Lair:2   | Noticed a death yak
  9302 | Lair:2   | Killed a death yak
  9309 | Lair:2   | Killed a death yak
  9309 | Lair:2   | HP: 16/77 [death yak (15)]
  9310 | Lair:2   | Reached skill level 13 in Axes
  9310 | Lair:2   | 9310 ||| STAIRDANCE
  9312 | Lair:1   | 9312 ||| READING 2 scrolls of teleportation.
  9313 | Lair:1   | 9313 ||| DRINKING 5 potions of heal wounds.
  9473 | Lair:1   | 9473 ||| INVOKING Heroism.
  9480 | Lair:1   | Killed a death yak
  9490 | Lair:1   | Killed a death yak
  9490 | Lair:1   | Reached ***** piety under Okawaru
  9577 | Lair:2   | Noticed Amaemon
  9578 | Lair:2   | 9578 ||| Stepping ~*~*~tactically~*~*~ (hiding).
  9580 | Lair:2   | 9580 ||| INVOKING Heroism.
  9593 | Lair:2   | Killed Amaemon
  9783 | Lair:2   | 9783 ||| Stepping ~*~*~tactically~*~*~ (stealth).
  9789 | Lair:2   | Reached skill level 9 in Armour
  9856 | Lair:2   | Found a staircase to the Swamp.
  9880 | Lair:2   | Noticed Sonja
  9881 | Lair:2   | 9881 ||| Stepping ~*~*~tactically~*~*~ (hiding).
  9885 | Lair:2   | 9885 ||| INVOKING Finesse.
  9891 | Lair:2   | Killed Sonja
  9992 | Lair:2   | Noticed Harold
  9993 | Lair:2   | 9993 ||| INVOKING Heroism.
 10007 | Lair:2   | Killed Harold
 10008 | Lair:2   | Reached skill level 9 in Invocations
 10496 | Lair:2   | 10496 ||| UPGRADING to +3 chain mail of cold resistance.
 10506 | Lair:2   | 10506 ||| READING 7 scrolls of identify.
 10506 | Lair:2   | 10506 ||| IDENTIFYING bubbling cyan potion
 10523 | Lair:3   | 10523 ||| INVOKING Heroism.
 10540 | Lair:3   | Noticed Prince Ribbit
 10549 | Lair:3   | Killed Prince Ribbit
 10550 | Lair:3   | Identified the +7 great sword "Qil Viud" {flame, Str+2}
                  | (Okawaru gifted it to you on level 3 of the Lair of Beasts)
 10550 | Lair:3   | Received a gift from Okawaru
 10551 | Lair:3   | Reached XP level 13. HP: 49/82 MP: 20/20
 10558 | Lair:3   | HP: 19/82 [blink frog (10)]
 10559 | Lair:3   | 10559 ||| READING scroll of teleportation.
 10560 | Lair:3   | 10560 ||| DRINKING 4 potions of heal wounds.
 10561 | Lair:3   | 10561 ||| INVOKING Heroism.
 10611 | Lair:3   | Reached skill level 14 in Axes
 10691 | Lair:3   | Identified the +6 leather armour "Baemuum" {Int+2}
 10760 | Lair:3   | 10760 ||| INVOKING Heroism.
 10780 | Lair:3   | 10780 ||| INVOKING Heroism.
 10805 | Lair:3   | You fall into a shaft and drop 2 floors!
 10805 | Lair:5   | Entered Level 5 of the Lair of Beasts
 10806 | Lair:5   | 10806 ||| PLANNING GAUNTLET
 10806 | Lair:5   | 10806 ||| INVOKING Finesse.
 10807 | Lair:5   | 10807 ||| Stepping ~*~*~tactically~*~*~ (stealth).
 10818 | Lair:5   | 10818 ||| Stepping ~*~*~tactically~*~*~ (stealth).
 10829 | Lair:5   | 10829 ||| SWAPPING to -1 demon whip of venom.
 10848 | Lair:5   | 10848 ||| INVOKING Heroism.
 10854 | Lair:5   | Reached skill level 3 in Dodging
 10854 | Lair:5   | HP: 9/84 [death yak (18)]
 10855 | Lair:5   | 10855 ||| DRINKING 3 potions of heal wounds.
 10868 | Lair:5   | 10868 ||| INVOKING Finesse.
 10876 | Lair:5   | HP: 20/84 [death yak (18)]
 10877 | Lair:5   | 10877 ||| DRINKING 2 potions of heal wounds.
 10901 | Lair:5   | HP: 19/85 [death yak (3)]
 10902 | Lair:5   | 10902 ||| DRINKING potion of heal wounds.
 10902 | Lair:5   | HP: 4/85 [blink frog (6)]
 10903 | Lair:5   | Slain by a blink frog

Levels and vault maps discovered:
D:1:      dpeg_arrival_leaves_temple_mockup, layout_rooms, interstate_on_off,
          st_stairs_5
D:2:      wad_woods_stonehenge, layout_basic
D:3:      layout_loops_ring, chequers_ecumenical_altar_grove, feat_on_display,
          uniq_sigmund
D:4:      layout_loops_ring, tgw_kikubaaqudgha, dancing_weapons_uskayaw,
          minmay_temple_entry_overgrown, nicolae_ossuary_entry_false_entrances,
          uniq_grinder, uniq_pargi
D:5:      layout_loops_ring, gammafunk_ghost_cemetery
D:6:      layout_loops_ring, regret_index_temple_of_mockery,
          trog_butcher_becter, nicolae_qazlal_style_of_elements,
          gammafunk_temple_overflow_wave
D:7:      layout_loops_ring, mainiacjoe_overflow_chevrons
D:8:      layout_basic, grunt_lair_entry_orc_guard_hut, minivault_25
Temple:   jpeg_temple_alley_garden
Lair:1:   layout_long_grid, small_statue_intersection, st_stairs_11
Lair:2:   layout_cave_pods, minmay_swamp_entry_swarm,
          guppyfry_snake_entry_island, portal_ice_cave_entry_pillars_1,
          grunt_forest_small_clearings, chequers_serial_rivers_small_3,
          grunt_forest_large_clearings, infiniplex_staircase_pool_2,
          uniq_harold, uniq_nergalle, uniq_amaemon, uniq_sonja
Lair:3:   layout_gridlike, infiniplex_staircase_pool, grunt_megastairs_3,
          lemuel_fruit_fields, uniq_prince_ribbit2
Lair:5:   evilmike_catoblepas_cave, layout_regular_city,
          nicolae_slime_entry_field_trip, gauntlet_entry_generic,
          hangedman_lair_generics_rect

Skill      XL: |  1  2  3  4  5  6  7  8  9 10 11 12 13 |
---------------+----------------------------------------+-----
Axes           | 2 3 5 6 7 8 9 11 12 13 14 | 14.0
Fighting       | 4 5 6 7 8 10 11 | 11.9
Dodging        | 1 2 3 |  3.0
Armour         | 5 6 7 8 9 |  9.0
Throwing       | 1 |  1.4
Invocations    | 1 4 5 9 10 | 10.0
Shields        | 4 5 6 7 |  7.2

Action                     |  1- 3 |  4- 6 |  7- 9 | 10-12 | 13-15 || total
---------------------------+-------+-------+-------+-------+-------++-------
  Melee: War axe           |   115 |    90 |   372 |   264 |    64 ||   905
         Morningstar       |       |       |       |    11 |       ||    11
         Demon whip        |       |       |       |       |    68 ||    68
  Throw: Boomerang         |       |       |    54 |    42 |       ||    96
 Invoke: Heroism           |       |       |     8 |    25 |     4 ||    37
         Finesse           |       |       |       |     1 |     2 ||     3
    Use: Scroll            |     2 |     2 |    15 |    10 |     1 ||    30
         Potion            |     1 |       |       |     2 |     4 ||     7
 Armour: Scale mail        |    64 |     9 |       |       |       ||    73
         Chain mail        |       |    41 |   161 |    16 |    67 ||   285
         Plate armour      |       |       |   103 |   226 |       ||   329
  Dodge: Dodged            |    57 |    34 |   156 |   144 |    62 ||   453
  Block: Buckler           |    14 |    19 |    84 |    90 |    35 ||   242

Table legend:
 A = Non-vault XP
 B = Vault XP
 C = Vault XP percentage of total XP
 D = Non-vault monster count
 E = Vault monster count
 F = Vault count percentage of total count
                 A         B        C        D         E       F
            +---------+---------+-------+---------+---------+-------
      Total |   35192 |   10377 |  22.8 |     229 |      71 |  23.7
            +---------+---------+-------+---------+---------+-------
        D:1 |      25 |       6 |  19.4 |      14 |       3 |  17.6
        D:2 |      65 |      10 |  13.3 |      29 |       6 |  17.1
        D:3 |     126 |     239 |  65.5 |      20 |       1 |   4.8
        D:4 |      86 |     422 |  83.1 |      13 |       2 |  13.3
        D:5 |     318 |       0 |   0.0 |       8 |       0 |   0.0
        D:6 |     602 |     246 |  29.0 |      26 |       4 |  13.3
        D:7 |    1064 |       0 |   0.0 |      18 |       0 |   0.0
        D:8 |    2300 |     516 |  18.3 |      25 |       5 |  16.7
     Lair:1 |    9590 |     784 |   7.6 |      25 |       3 |  10.7
     Lair:2 |    8067 |    4924 |  37.9 |      21 |      14 |  40.0
     Lair:3 |    5340 |    1984 |  27.1 |      18 |       8 |  30.8
     Lair:5 |    7609 |     572 |   7.0 |      12 |       1 |   7.7
    Ossuary |       0 |     674 | 100.0 |       0 |      24 | 100.0
            +---------+---------+-------+---------+---------+-------
